 Dungeon Crawl Stone Soup version 0.30.0-29-ga12c61a403 (webtiles) character file.

Game seed: 14664759831179758072

244 Ijustatesigmund the Stinger (level 6, 0/38 HPs)
             Began as an Octopode Venom Mage on June 14, 2023.
             Constricted to death by a ball python (1 damage)
             ... in a sewer.
             The game lasted 00:09:58 (3913 turns).

Ijustatesigmund the Stinger (Octopode Venom Mage)   Turns: 3913, Time: 00:09:59

Health: 0/38       AC:  1    Str:  7    XL:     6   Next: 10%
Magic:  10/10      EV: 10    Int: 19    God:
Gold:   102        SH:  0    Dex: 13    Spells: 5/11 levels left

rFire   + . .        j - +4 short sword
rCold   + + .        (no shield)
rNeg    . . .        (helmet restricted)
rPois   .            (no amulet)
rElec   .            b - ring of protection from cold
rCorr   +            h - ring of protection from cold
SInv    .            f - ring of protection from fire
Will    .....        l - ring of resist corrosion
Stlth   +++          (no ring)
HPRegen 0.26/turn    (no ring)
MPRegen 0.12/turn    (no ring)
                     (no ring)

%: no passive effects
@: confused, lethally poisoned (0 -> -14), ambrosia-drunk, constricted
A: almost no armour, amphibious, 8 rings, camouflage 1, gelatinous body 1,
nimble swimmer 1, tentacles
a: no special abilities


You were in a sewer.
You visited 1 branch of the dungeon, and saw 3 of its levels.
You also visited: Sewer.

You collected 102 gold pieces.

Inventory:

Hand Weapons
 c - a +0 spear
 i - a +0 mace
 j - a +4 short sword (weapon)
Jewellery
 b - a ring of protection from cold (left tentacle)
 f - a ring of protection from fire (on tentacle)
 h - a ring of protection from cold (right tentacle)
 l - a ring of resist corrosion (on tentacle)
Scrolls
 m - 2 scrolls of amnesia {unknown}
 n - 2 scrolls of fog {unknown}
 p - a scroll of identify
Potions
 a - 2 potions of magic
 d - 2 potions of attraction
 g - a potion of brilliance
 k - a potion of resistance {unknown}


   Skills:
 - Level 1.2 Fighting
 - Level 2.0 Dodging
 - Level 2.6 Stealth
 + Level 3.3 Spellcasting
 + Level 2.2 Conjurations
 - Level 1.0 Transmutations
 + Level 2.5 Air Magic
 + Level 5.0 Poison Magic


You had 5 spell levels left.
You knew the following spells:

 Your Spells              Type           Power      Damage    Failure   Level
a - Sting                 Tmut/Pois      56%        1d5       4%          1
b - Poisonous Vapours     Pois/Air       34%        N/A       4%          2
c - Mephitic Cloud        Conj/Pois/Air  15%        N/A       12%         3

Your spell library contained the following spells:

 Spells                   Type           Power      Damage    Failure   Level
 Olgreb's Toxic Radiance  Pois           22%        N/A       19%         4
 Call Canine Familiar     Summ           3%         N/A       41%         3
 Portal Projectile        Hex/Tloc       6%         N/A       41%         3
 Leda's Liquefaction      Hex/Erth       1%         N/A       83%         4


Dungeon Overview and Level Annotations

Branches:
Dungeon (3/15)              Sewer (1/1)

Altars:


Innate Abilities, Weirdness & Mutations

You cannot wear most types of armour.
You are amphibious.
You can wear up to eight rings at the same time.
Your skin changes colour to match your surroundings (Stealth+).
Your rubbery body absorbs attacks. (AC +1, EV +1)
You are camouflaged when in or above water. (Stealth+)
You have tentacles for arms and can constrict up to eight enemies at once.


Message History

You are more poisoned.
The adder poisons you! The ball python bites you.
The ball python constricts you.
You barely miss the adder. You grab the adder.
The adder is heavily wounded.
You constrict the adder.
You feel sick. The adder closely misses you. The adder bites you.
The adder barely misses you. The adder bites you.
You are more poisoned.
The adder poisons you! The ball python bites you.
* * * LOW HITPOINT WARNING * * *
The ball python constricts you.
* * * LOW HITPOINT WARNING * * *
The adder bites you.
* * * LOW HITPOINT WARNING * * *
Unknown command.
You are confused.
You feel invigorated.
You constrict the adder.
You feel sick. The adder bites you.
* * * LOW HITPOINT WARNING * * *
The adder bites you.
* * * LOW HITPOINT WARNING * * *
The adder bites you.
* * * LOW HITPOINT WARNING * * *
You are more poisoned.
The adder poisons you! The ball python bites you.
* * * LOW HITPOINT WARNING * * *
The ball python constricts you.
* * * LOW HITPOINT WARNING * * *
A bullfrog comes into view.
The adder closely misses you.
You're too confused to move!
You constrict the adder.
* * * LOW HITPOINT WARNING * * *
You feel very sick. The adder bites you.
* * * LOW HITPOINT WARNING * * *
You are more poisoned.
The adder poisons you! The adder closely misses you.
The ball python bites you but does no damage.
The ball python constricts you.
You die...

#......≈≈≈~~≈≈#≈≈≈≈≈≈≈#.###
#....####################
##..÷## #..†##### #..†.'..#
#....#..# ##...####
#....##################
#......≈≈≈≈≈S@S≈≈≈F≈≈≈#.
##....~≈≈≈≈≈≈SS≈≈≈≈≈≈≈..
#.....~~~~≈≈≈≈≈≈≈~~~#~.
#.....≈≈≈~~~#≈≈≈~~≈≈~.S
##...~≈≈≈≈≈#~..~≈≈≈≈≈~S
###.#≈≈≈≈≈≈≈≈≈≈≈≈≈≈≈#.
###################


You could see a bullfrog, 3 adders and a ball python.

Vanquished Creatures
  11 adders
  A gnoll (D:2)
  7 river rats (Sewer)
  A worm (D:2)
  A dart slug (D:2)
  2 endoplasms
  A giant cockroach (D:1)
  4 goblins
  4 hobgoblins
  2 jackals (D:1)
  2 quokkas
  14 ball pythons
  6 bats
  3 frilled lizards
  2 kobolds (D:2)
  23 rats
84 creatures vanquished.

Notes
Turn   | Place    | Note
-------+----------+-------------------------------------------
     0 | D:1      | Ijustatesigmund the Octopode Venom Mage began the quest for
                  | the Orb.
     0 | D:1      | Reached XP level 1. HP: 11/11 MP: 3/3
    64 | D:1      | You fall into a shaft and drop 1 floor!
   111 | D:1      | Reached XP level 2. HP: 4/18 MP: 0/5
   232 | D:1      | Learned a level 2 spell: Poisonous Vapours
   441 | D:1      | Found a faded altar of an unknown god.
   543 | D:1      | Reached skill level 1 in Fighting
   552 | D:1      | Reached skill level 4 in Poison Magic
   633 | D:2      | Reached XP level 3. HP: 10/23 MP: 2/6
   793 | D:2      | Learned a level 3 spell: Mephitic Cloud
   841 | D:2      | Reached skill level 1 in Air Magic
  1340 | D:2      | Reached XP level 4. HP: 28/28 MP: 5/8
  1526 | D:2      | Reached skill level 1 in Conjurations
  2041 | D:3      | Found a glowing drain.
  2052 | Sewer    | Entered a sewer
  2617 | Sewer    | Reached XP level 5. HP: 28/33 MP: 3/9
  3674 | Sewer    | Reached XP level 6. HP: 8/38 MP: 0/10
  3791 | Sewer    | Reached skill level 5 in Poison Magic
  3913 | Sewer    | HP: 1/38 [adder (2)]
  3913 | Sewer    | Constricted to death by a ball python

Illustrated notes

Levels and vault maps discovered:
D:1:      dpeg_arrival_more_subterranean_lakeside_camping, layout_basic,
          ebering_ecumenical_altar_webs
D:2:      layout_rooms, cheibrodos_gnoll_hut
D:3:      kb_forest_paths, layout_loops_ring, portal_sewer_entry_d,
          serial_glass, glass_columns_a, glass_columns_b,
          minmay_misc_feat_secret_circle, uniq_ijyb
Sewer:    sewer_minmay_w

Skill      XL: |  1  2  3  4  5  6 |
---------------+-------------------+-----
Fighting       | 1 |  1.2
Poison Magic   | 4 5 |  5.0
Air Magic      | 1 2 |  2.5
Conjurations   | 1 2 |  2.2
Spellcasting   | 3 |  3.3
Dodging        | |  2.0
Stealth        | |  2.6
Transmutations | |  1.0

Action                     |  1- 3 |  4- 6 || total
---------------------------+-------+-------++-------
  Melee: Unarmed           |    46 |       ||    46
         Constrict         |    14 |    20 ||    34
         Tentacles         |    10 |    14 ||    24
         Mace              |    14 |       ||    14
         Punch             |     1 |     2 ||     3
         Short sword       |       |    49 ||    49
         Spear             |       |    12 ||    12
   Cast: Sting             |    18 |     7 ||    25
         Poisonous Vapours |     3 |    59 ||    62
    Use: Scroll            |     4 |     3 ||     7
         Potion            |       |     4 ||     4
   Stab: Sleeping          |     2 |     1 ||     3
 Armour: Skin              |     8 |     6 ||    14
  Dodge: Dodged            |    71 |    52 ||   123
